 Dungeon Crawl Stone Soup version 0.22-a0-283-g1871b15 (webtiles) character file.

593 FrankyJ the Covert (level 7, 0/46 HPs)
             Began as an Octopode Fighter on Mar 15, 2018.
             Was a Believer of Makhleb.
             Splashed by a jelly's acid (7 damage)
             ... on level 5 of the Dungeon on Mar 19, 2018.
             The game lasted 00:12:09 (3809 turns).

FrankyJ the Covert (Octopode Fighter)               Turns: 3809, Time: 00:12:09

Health: 0/46       AC: -7    Str: 17    XL:     7   Next: 39%
Magic:  7/7        EV: 12    Int: 11    God:    Makhleb [**....]
Gold:   169        SH: 10    Dex: 11    Spells: 4/6 levels left

rFire    . . .     SeeInvis .   l - +1 dagger (holy)
rCold    . . .     Gourm    .   b - +0 shield
rNeg     . . .     Faith    .   (helmet restricted)
rPois    .         Spirit   .   (no amulet)
rElec    .         Reflect  .   (no ring)
rCorr    .         Harm     .   (no ring)
MR       .....                  (no ring)
Stlth    +++++.....             (no ring)
HPRegen  0.15/turn              (no ring)
MPRegen  0.10/turn              (no ring)
                                (no ring)
                                (no ring)

@: corroded
A: almost no armour, stealthy swim, amphibious, 8 rings, constrict 8, camouflage
1, gelatinous body 1
a: Minor Destruction, Renounce Religion


You were on level 5 of the Dungeon.
You worshipped Makhleb.
Makhleb was pleased with you.
You were not hungry.

You visited 1 branch of the dungeon, and saw 5 of its levels.

You collected 169 gold pieces.

Inventory:

Hand Weapons
 a - a +0 rapier
 l - a +1 dagger of holy wrath (weapon)
 n - a +0 blowgun
 y - the +4 hunting sling of Cataclysm {freeze, rElec rN++ MP+9 Int-2}
   (You found it on level 5 of the Dungeon)

   It causes projectiles fired from it to freeze those they strike, causing
   extra injury to most foes and up to half again as much damage against
   particularly susceptible opponents.
   They can also slow down cold-blooded creatures.
   It affects your intelligence (-2).
   It insulates you from electricity.
   It greatly protects you from negative energy.
   It affects your magic capacity (+9).
Missiles
 u - 33 poisoned needles
 v - 2 curare-tipped needles
Armour
 b - a +0 shield (worn)
Jewellery
 p - an uncursed ring of fire {unknown}
Wands
 x - a wand of random effects (22)
Scrolls
 f - a scroll of amnesia {unknown}
 g - 2 scrolls of remove curse {unknown}
 h - a scroll of blinking {unknown}
 i - 5 scrolls of identify
 j - a scroll of immolation {unknown}
 k - 2 scrolls of magic mapping {unknown}
 m - a scroll of fear {unknown}
 o - 2 scrolls of enchant armour {unknown}
 r - 2 scrolls of teleportation {unknown}
 s - a scroll of enchant weapon {unknown}
Potions
 e - 3 potions of brilliance {unknown}
 q - 3 potions of flight {unknown}
 t - a potion of mutation {unknown}
 w - a potion of lignification {unknown}
 z - 2 potions of curing
Comestibles
 c - 14 chunks of flesh
 d - 14 rations


   Skills:
 - Level 3.0 Fighting
 - Level 2.0 Short Blades
 - Level 3.0 Dodging
 - Level 8.0 Stealth
 + Level 6.0 Shields


You had 4 spell levels left.
You knew the following spells:

 Your Spells              Type           Power        Failure   Level  Hunger
a - Ensorcelled Hibernat  Hex/Ice        #.....       86%         2    ###....


Dungeon Overview and Level Annotations

Branches:
Dungeon (5/15)
 Temple: D:4-7

Altars:
Makhleb
Okawaru
Sif Muna
Yredelemnul

Shops:
D:4 (


Innate Abilities, Weirdness & Mutations

You cannot wear most types of armour.
You are very stealthy in the water. (Stealth+)
You are amphibious.
You can wear up to eight rings at the same time.
You can use your tentacles to constrict eight enemies at once.
Your skin changes colour to match your surroundings (Stealth+).
Your rubbery body absorbs attacks. (AC +1, EV +1)


Message History

You are too injured to fight recklessly!
You are too injured to fight recklessly!
You are too injured to fight recklessly!
You are too injured to fight recklessly!
You are too injured to fight recklessly!
You are too injured to fight recklessly!
You hit the jelly.
Your tentacles burn!
* * * LOW HITPOINT WARNING * * *
The jelly is moderately wounded.
The jelly barely misses you.
Evoke which item? (* to show all) (? for menu, Esc to quit)
Aiming: Random Effects
Press: ? - help, Shift-Dir - straight line, f - jelly
Aim: a jelly (moderately wounded)
The jelly flickers and vanishes!
Deactivating autopickup; reactivate with Ctrl-A.
Something hits you.
* * * LOW HITPOINT WARNING * * *
You are splashed with acid!
The acid burns!
You die...

.. .# ######
..## ###...#..
...###........
............#
##..........#
##..........#
##...........#
##......@.....#
##........{...##
##.............#
#..............#
#.............##
##............#
# #...........##
.####
##..........#
....##
#.........#


There were no monsters in sight!

Vanquished Creatures
  A phantom (D:3)
  A scorpion (D:4)
  A howler monkey (D:4)
  A hound (D:3)
  2 orc priests (D:3)
  2 bullfrog skeletons (D:4)
  2 worker ants (D:5)
  A howler monkey skeleton (D:4)
  6 gnolls
  5 adders
  3 oozes
  3 adder skeletons
  A worm (D:3)
  A dart slug (D:2)
  4 leopard geckos
  10 orcs
  3 giant cockroaches
  6 goblins
  3 hobgoblins
  6 jackals (D:3)
  6 kobolds
  4 quokkas
  12 bats
  6 frilled lizards
  8 rats
98 creatures vanquished.

Notes
Turn   | Place    | Note
-------+----------+-------------------------------------------
     0 | D:1      | FrankyJ the Octopode Fighter began the quest for the Orb.
     0 | D:1      | Reached XP level 1. HP: 16/16 MP: 1/1
    13 | D:1      | Reached skill level 1 in Stealth
    93 | D:1      | Reached skill level 2 in Stealth
    96 | D:1      | Reached XP level 2. HP: 5/21 MP: 2/2
   395 | D:1      | Reached skill level 3 in Stealth
   500 | D:1      | Reached XP level 3. HP: 26/26 MP: 3/3
   540 | D:1      | Reached skill level 4 in Stealth
   830 | D:2      | Found a burning altar of Makhleb.
   831 | D:2      | Found a deep blue altar of Sif Muna.
   837 | D:2      | Became a worshipper of Makhleb the Destroyer
  1001 | D:2      | Upgraded the game from 0.22-a0-278-g8f80174 to 0.22-a0-283-g1871b15
  1238 | D:2      | Reached skill level 5 in Stealth
  1384 | D:3      | Reached XP level 4. HP: 31/31 MP: 4/4
  1697 | D:3      | Reached * piety under Makhleb
  1784 | D:3      | Reached skill level 6 in Stealth
  1882 | D:3      | Reached XP level 5. HP: 26/36 MP: 5/5
  1910 | D:3      | Noticed a phantom
  1937 | D:3      | Killed a phantom
  1937 | D:3      | Reached skill level 8 in Stealth
  2164 | D:3      | Reached XP level 6. HP: 29/42 MP: 6/6
  2513 | D:4      | Found an iron altar of Okawaru.
  2870 | D:4      | Learned a level 2 spell: Ensorcelled Hibernation
  2870 | D:4      | Found Hacyh's Antique Weapon Shop.
  2908 | D:4      | Reached skill level 5 in Shields
  2908 | D:4      | Reached XP level 7. HP: 40/46 MP: 7/7
  3069 | D:4      | Found a basalt altar of Yredelemnul.
  3306 | D:5      | Entered Level 5 of the Dungeon
  3597 | D:5      | Reached ** piety under Makhleb
  3774 | D:5      | Got an encrusted hunting sling
  3788 | D:5      | Identified the +4 hunting sling of Cataclysm {freeze, rElec rN++ MP+9 Int-2} (You found it on level 5 of the Dungeon)
  3809 | D:5      | Splashed by a jelly's acid

Vault maps used:
D:1:      lightli_molten_gateway, minmay_cupped
D:2:      chequers_temple_overflow_statue_of_worship, first_ration
D:4:      minmay_wonky_spiral, okawaru_trees_1, serial_shops, shop,
          interstate_on_off, dk_vineyard_1, hangedman_decor_slide_cut,
          minmay_stone_trees_small, yredelemnul_altar_generic
D:5:      gammafunk_temple_overflow_statue, serial_shops, shop

Skill      XL: |  1  2  3  4  5  6  7 |
---------------+----------------------+-----
Stealth        | 2 3 5 6 8 |  8.0
Shields        | 5 6 |  6.0
Fighting       | |  3.0
Short Blades   | |  2.0
Dodging        | |  3.0

Action                   |  1- 3 |  4- 6 |  7- 9 || total
-------------------------+-------+-------+-------++-------
Melee: Rapier            |    45 |       |       ||    45
       Constrict         |    10 |    22 |     7 ||    39
       Dagger            |    15 |   114 |    49 ||   178
       Tentacles         |     4 |    15 |     9 ||    28
Evoke: Wand              |       |       |     1 ||     1
  Use: Potion            |       |     6 |       ||     6
       Scroll            |       |     1 |     1 ||     2
 Stab: Sleeping          |    13 |    15 |    10 ||    38
       Distracted        |       |     1 |       ||     1
  Eat: Chunk             |     1 |     5 |     3 ||     9
Armor: Skin              |     7 |     7 |       ||    14
Dodge: Dodged            |    21 |    40 |    11 ||    72
Block: Shield            |    21 |    32 |    12 ||    65

Table legend:
 A = Spawn XP
 B = Non-spawn XP
 C = Spawn XP percentage of total XP
 D = Spawn monster count
 E = Non-spawn monster count
 F = Spawn count percentage of total count
 G = Total turns spent on level
                    A         B        C        D         E        F      G
               +---------+---------+-------+---------+---------+-------+---------
         Total |       0 |     848 |   0.0 |       0 |      98 |   0.0 |  3809
               +---------+---------+-------+---------+---------+-------+---------
           D:1 |       0 |      46 |   0.0 |       0 |      24 |   0.0 |   788
           D:2 |       0 |      32 |   0.0 |       0 |      10 |   0.0 |   576
           D:3 |       0 |     334 |   0.0 |       0 |      36 |   0.0 |  1112
           D:4 |       0 |     307 |   0.0 |       0 |      17 |   0.0 |   917
           D:5 |       0 |     129 |   0.0 |       0 |      11 |   0.0 |   416
               +---------+---------+-------+---------+---------+-------+---------
